 Dungeon Crawl Stone Soup version 0.28.0-45-g0d030f2227 (webtiles) character file.

Game seed: 3852119722013953995

303 sanboga the Covered (level 6, -11/39 HPs)
             Began as a Gargoyle Fighter on Apr 4, 2022.
             Mangled by an ogre
             ... wielding a +0 giant club
              (15 damage)
             ... on level 4 of the Dungeon.
             The game lasted 00:04:02 (3208 turns).

sanboga the Covered (Gargoyle Fighter)              Turns: 3208, Time: 00:04:03

Health: -11/39     AC: 14    Str: 22    XL:     6   Next: 38%
Magic:  6/6        EV:  7    Int: 14    God:
Gold:   105        SH:  4    Dex:  9    Spells: 5/5 levels left

rFire   . . .      SeeInvis .   a - +0 war axe
rCold   . . .      Faith    .   c - +0 buckler
rNeg    + . .      Spirit   .   i - +0 chain mail
rPois   ∞          Reflect  .   (no helmet)
rElec   +          Harm     .   (no cloak)
rCorr   .          Rampage  .   (no gloves)
Will    .....                   (no boots)
Stlth   ..........              (no amulet)
HPRegen 0.13/turn               k - +4 ring of slaying
MPRegen 0.10/turn               p - +6 ring of intelligence

@: no status effects
A: sickness immunity, AC +4, negative energy resistance 1, electricity
resistance, torment resistance 1, petrification resistance
a: no special abilities


You were on level 4 of the Dungeon.
You visited 1 branch of the dungeon, and saw 4 of its levels.

You collected 105 gold pieces.

Inventory:

Hand Weapons
 a - a +0 war axe (weapon)
Armour
 c - a +0 buckler (worn)
 i - a +0 chain mail (worn)
Jewellery
 k - a +4 ring of slaying (left hand)
 p - a +6 ring of intelligence (right hand)
Scrolls
 e - a scroll of amnesia {unknown}
 f - a scroll of fog {unknown}
 g - 2 scrolls of teleportation {unknown}
 h - 2 scrolls of enchant weapon {unknown}
 j - a scroll of summoning {unknown}
 l - 2 scrolls of identify {unknown}
 n - a scroll of noise {unknown}
 o - a scroll of torment {unknown}
 q - a scroll of magic mapping {unknown}
Potions
 b - a potion of ambrosia
 d - 2 potions of might
 m - a potion of heal wounds {unknown}


   Skills:
 + Level 4.4 Fighting
 * Level 4.0 Axes
 + Level 4.5 Armour
 + Level 4.4 Shields


You had 5 spell levels left.
You didn't know any spells.
Your spell library was empty.

Dungeon Overview and Level Annotations

Branches:
Dungeon (4/15)
 Temple: D:4-7

Altars:
Cheibriados
Hepliaklqana
Xom


Innate Abilities, Weirdness & Mutations

You are immune to sickness and miasma.
Your stone body is resilient. (AC +4)
You are immune to poison.
You resist negative energy. (rN+)
You are resistant to electric shocks. (rElec)
You are resistant to unholy torment.
You are immune to petrification.


Message History

A quokka is nearby!
A quokka is nearby!
You hit the quokka.
The quokka is lightly wounded.
The quokka bites you but does no damage.
You slash the quokka!
You kill the quokka!
No target in view!
No target in view!
No target in view!
No target in view!
You see here a quokka corpse.
An ogre comes into view. It is wielding a +0 giant club.
Found 2 ruby potions.
The ogre shouts!
A ball python comes into view.
There are monsters nearby!
The ball python hisses angrily.
The ball python barely misses you. You block the ball python's attack.
You slash the ball python!
You kill the ball python!
The ogre hits you with a +0 giant club.
You slash the ogre!
The ogre is heavily wounded.
The ogre hits you with a +0 giant club!!
You hit the ogre.
The ogre is severely wounded.
The ogre hits you with a +0 giant club!
* * * LOW HITPOINT WARNING * * *
You are too injured to fight recklessly!
You are too injured to fight recklessly!
You are too injured to fight recklessly!
You are too injured to fight recklessly!
You are too injured to fight recklessly!
You are too injured to fight recklessly!
You are too injured to fight recklessly!
You hit the ogre.
The ogre is almost dead.
The ogre hits you with a +0 giant club!
You die...

##############
#############............#
#....<........##########(#
############### #.#
#.#.#...#.# #.# ##.#.....#
#.# #.#..#@#..# #.#.
##†.##O# .#########...
#..##... .#.....>....
#.##..!.. #.#....†.....
#..##...##..#..........
##..##.##..##..#.#.#...
#.#†.###..# #..#.#.#...
##.#..#..# #..#.#.#...
#.#.#...# #..#.#.#...


You could see an ogre.

Vanquished Creatures
  A hound (D:4)
  2 orc priests (D:3)
  An orc wizard (D:3)
  An iguana (D:4)
  Natasha (thrice) (D:2)
  An adder (D:2)
  A worm (D:3)
  A dart slug (D:3)
  6 orcs (D:3)
  5 endoplasms
  4 giant cockroaches
  3 goblins (D:1)
  4 hobgoblins
  A jackal (D:4)
  7 kobolds
  3 quokkas
  10 ball pythons
  10 bats
  3 frilled lizards
  7 rats
74 creatures vanquished.

Vanquished Creatures (others)
  A goblin (D:3)
1 creature vanquished.

Grand Total: 75 creatures vanquished

Notes
Turn   | Place    | Note
-------+----------+-------------------------------------------
     0 | D:1      | sanboga the Gargoyle Fighter began the quest for the Orb.
     0 | D:1      | Reached XP level 1. HP: 14/14 MP: 1/1
   118 | D:1      | Reached XP level 2. HP: 13/19 MP: 2/2
   635 | D:1      | Found a faded altar of an unknown god.
  1076 | D:2      | Reached XP level 3. HP: 22/23 MP: 3/3
  1473 | D:2      | Found a shimmering altar of Xom.
  1736 | D:2      | Noticed Natasha
  1740 | D:2      | Killed Natasha
  1741 | D:2      | Reached XP level 4. HP: 29/29 MP: 4/4
  1798 | D:2      | Noticed Natasha
  1807 | D:2      | Killed Natasha
  2104 | D:2      | Noticed Natasha
  2109 | D:2      | Killed Natasha
  2110 | D:2      | Reached XP level 5. HP: 33/33 MP: 5/5
  2137 | D:3      | Found a snail-covered altar of Cheibriados.
  2196 | D:3      | Reached XP level 6. HP: 30/38 MP: 6/6
  2439 | D:3      | Found a faded altar of an unknown god.
  2444 | D:3      | Found a hazy altar of Hepliaklqana.
  3208 | D:4      | Mangled by an ogre

Illustrated notes

Levels and vault maps discovered:
D:1:      roderic_crossed_star, layout_basic, chequers_ecumenical_altar_grove,
          minmay_statues_item
D:2:      layout_basic, basic_altar, minmay_diced_spiral, uniq_natasha
D:3:      layout_basic, kennysheep_slug_shrine,
          nicolae_overflow_ecumenical_swirl, chequers_serial_rivers_small_a,
          palyth_stone_intersect, dk_noncrumbling_3, lemuel_flame_loot_1
D:4:      minmay_diamond_boxcup, layout_basic, mainiacjoe_overflow_brackets,
          minmay_misc_feat_doors, ldierk_geyser, minmay_misc_feat_tiny,
          minmay_cut_off, uniq_edmund

Skill      XL: |  1  2  3  4  5  6 |
---------------+-------------------+-----
Axes           | 2 3 4 |  4.0
Armour         | 4 |  4.5
Fighting       | 4 |  4.4
Shields        | 4 |  4.4

Action                   |  1- 3 |  4- 6 || total
-------------------------+-------+-------++-------
Melee: War axe           |   135 |    67 ||   202
  Use: Potion            |       |     1 ||     1
Armor: Scale mail        |    48 |       ||    48
       Chain mail        |    60 |    49 ||   109
Dodge: Dodged            |    81 |    26 ||   107
Block: Buckler           |    39 |    12 ||    51
